AoeStats
← Groove8733

Arabia

510496299Analyzed
1v1 RM · 11h ago on Oct 1, 2026· 59m 32s· 2 players
Game mode
Random Map
Map size
Tiny (2 player)
Population
200
Speed
Normal
Resources
Standard
Victory
Conquest
Starting age
Dark Age
Ending age
Imperial Age
RankedLock teamsTeams togetherTeam positionsShared explorationLock speedFull tech treeHidden civsTurbo modeCheats
Victory
Defeat
🇦🇺 Italians · Australia
412
+5
🇮🇳 Goths · India
124
-5
sikderindrojit7
1:17 Loom
15:17 Feudal Age
16:33 Horse Collar
17:34 Man-at-Arms
18:13 Double-Bit Axe
20:29 Bloodlines
24:16 Wheelbarrow
27:22 Gold Mining
28:22 Scale Mail Armor
28:29 Scale Barding Armor
28:37 Forging
33:05 Castle Age
32:51 Padded Archer Armor
32:44 Fletching
33:18 Light Cavalry
33:59 Husbandry
34:10 Heavy Plow
33:45 Pikeman
34:28 Squires
35:52 Bow Saw
35:37 Stone Mining
37:59 Stone Shaft Mining
41:07 Hand Cart
40:38 Town Watch
43:37 Town Patrol
50:43 Imperial Age
48:51 Iron Casting
48:27 Siphons
48:44 Ballistics
48:00 Elite Skirmisher
51:18 Leather Archer Armor
51:26 Chain Barding Armor
52:59 Hussar
Groove8733
10:14 Feudal Age
8:30 Loom
18:27 Castle Age
16:23 Horse Collar
16:31 Double-Bit Axe
26:10 Wheelbarrow
26:55 Crossbowman
27:30 Pikeman
31:20 Hand Cart
33:53 Imperial Age
33:12 Bow Saw
33:03 Heavy Plow
36:41 Chemistry
36:51 Man-at-Arms
37:34 Squires
41:01 Silk Road
42:19 Pirotechnia
44:04 Hand Cart
43:26 Elite Skirmisher
43:31 Elite Genoese Crossbowman
47:09 Hoardings
46:57 Elite Genoese Crossbowman
47:31 Light Cavalry
48:24 Bloodlines
49:14 Thumb Ring
49:15 Padded Archer Armor
49:20 Scale Barding Armor
49:06 Fletching
49:45 Ballistics
Connection lost

Rejoining the realm…

Still unreachable

The connection could not be restored.

Session expired

The server has moved on; the page needs a fresh start.